 Dungeon Crawl Stone Soup version 0.19.4 (webtiles) character file.

5760 vatarom the Blocker (level 11, -3/89 HPs)
             Began as a Formicid Fighter on Feb 2, 2017.
             Was a Believer of Zin.
             Splashed by a brown ugly thing's acid (8 damage)
             ... on level 8 of the Dungeon.
             The game lasted 00:25:34 (10199 turns).

vatarom the Blocker (Formicid Fighter)             Turns: 10199, Time: 00:25:35

Health: -3/89      AC: 10    Str: 23    XL:     11   Next: 6%
Magic:  14/14      EV:  7    Int:  7    God:    Zin [**....]
Gold:   137        SH: 15    Dex: 12    Spells: 0 memorised, 10 levels left

rFire  + . .     SeeInvis +     a - +0 quarterstaff
rCold  . . .     Gourm    .     l - +0 plate armour
rNeg   . . .     Faith    .     c - +0 shield
rPois  .         Spirit   .     (helmet unavailable)
rElec  .         Reflect  +     (no cloak)
rCorr  .         Harm     .     (no gloves)
MR     +....                    (no boots)
Stlth  ..........               e - +3 amulet of reflection
                                p - ring of stealth
                                n - ring of protection from fire

@: corroded
A: permanent stasis, dig shafts and tunnels, four strong arms, antennae 3
a: Dig, Shaft Self, Recite, Vitalisation, Donate Gold, Renounce Religion


You were on level 8 of the Dungeon.
You worshipped Zin.
Zin was pleased with you.
You were not hungry.

You visited 2 branches of the dungeon, and saw 12 of its levels.

You collected 494 gold pieces.
You donated 357 gold pieces to Zin.

Inventory:

Hand Weapons
 a - a +0 quarterstaff (weapon)
Armour
 b - a +0 scale mail
 c - a +0 shield (worn)
 l - a +0 plate armour (worn)
 t - a +0 scale mail of poison resistance
Jewellery
 e - a +3 amulet of reflection (around neck)
 n - a ring of protection from fire (left hand)
 p - a ring of stealth (right hand)
 r - an uncursed ring of positive energy
Wands
 s - a wand of flame (37/48)
 v - a wand of lightning (10/15)
Scrolls
 d - 3 scrolls of enchant weapon {unknown}
 g - a scroll of amnesia
 h - 4 scrolls of remove curse
 k - a scroll of fear
 o - a scroll of enchant armour
 q - a scroll of recharging
 u - 2 scrolls of magic mapping
 y - a scroll of fog
Potions
 x - a potion of agility
Miscellaneous
 w - a phial of floods
Comestibles
 f - 3 bread rations
 i - 8 slices of pizza
 j - 6 beef jerkies
 m - 2 meat rations


   Skills:
 - Level 9.1 Fighting
 * Level 8.0 Staves
 - Level 9.4 Armour
 - Level 9.4 Shields
 + Level 4.1 Invocations


You had 10 spell levels left.
You didn't know any spells.

Dungeon Overview and Level Annotations

Branches:
Dungeon (11/15)            Temple (1/1) D:5            Lair (0/6) D:8
    Orc: D:9-12

Altars:
Ashenzari
Cheibriados
Dithmenos
Elyvilon
Gozag
Hepliaklqana
Makhleb
Nemelex Xobeh
Okawaru
Qazlal
Ru
Sif Muna
Trog
Uskayaw
Vehumet
Xom
Zin
The Shining One
Lugonu

Shops:
D:5 (

Annotations:
D:7 Shufflesack's ghost, novice DECj


Innate Abilities, Weirdness & Mutations

You are under a permanent stasis effect.
You can dig through walls and to a lower floor.
Your four strong arms can wield two-handed weapons with a shield.
You have a pair of large antennae on your head. (SInv)


Message History

The brown ugly thing barely misses you.
You hit the brown ugly thing but do no damage.
The brown ugly thing is heavily wounded.
The brown ugly thing gores you.
* * * LOW HITPOINT WARNING * * *
You are splashed with acid!
The acid burns!
* * * LOW HITPOINT WARNING * * *
You hit the brown ugly thing.
The brown ugly thing is heavily wounded.
You block the brown ugly thing's attack.
You sock the hound!
The hound is severely wounded.
The hound pauses to sniff the ground.
The hound barely misses you.
Your plate armour prevents you from hitting the hound.
The hound is severely wounded.
The hound bites you but does no damage. The brown ugly thing gores you!
* * * LOW HITPOINT WARNING * * *
You are splashed with acid!
The acid burns!
You die...

###. .. ##########...
.#####.......†..##
.............####
..##..........# {
#.##?.........# #. #####
#.##..........# #. .....
#h##..........# #.
.....>#@##..........# #.
..!...#u###........####.
.......a............#.>.
......#.##..........#...
......#.##..........#.†.
###.#...##............>.
#...$...^.............#
#..#...%................
#. #....###.......#.....


You could see a brown ugly thing, a hound and a worker ant.

Vanquished Creatures
  A hill giant (D:10)
  Pikel (D:6)
  A centaur skeleton (D:10)
  2 hornets
  A troll (D:10)
  2 hippogriffs
  A vampire (D:11)
  3 yaks (D:10)
  The ghost of Paps the Sneak, an amateur GrAs (D:4)
  An orc warrior (D:10)
  A sky beast (D:8)
  A slave (D:6)
  2 phantoms
  2 ice beasts
  A black bear (D:4)
  A necrophage (D:8)
  2 ogres
  4 centaurs
  A bullfrog (D:4)
  A gnoll sergeant (D:6)
  3 killer bees (D:6)
  4 scorpions
  4 howler monkeys
  A crimson imp (D:6)
  2 bullfrog zombies
  4 hounds
  2 orc priests
  3 jellies
  4 orc wizards
  2 iguanas (D:4)
  7 worker ants
  A worker ant zombie (D:8)
  4 gnolls
  9 adders
  6 shadow imps
  An ooze (D:2)
  2 adder skeletons
  5 worms
  2 dart slugs (D:1)
  4 leopard geckos
  13 orcs
  6 giant cockroaches
  5 goblins (D:1)
  8 hobgoblins
  6 jackals
  5 quokkas
  2 ball pythons
  8 bats
  4 frilled lizards
  5 kobolds
  A quokka zombie (D:7)
  11 rats
174 creatures vanquished.

Vanquished Creatures (others)
  2 centaurs
  A bullfrog zombie (D:6)
  A worker ant (D:6)
  A worker ant zombie (D:6)
  A shadow imp (D:6)
  A goblin (D:3)
7 creatures vanquished.

Grand Total: 181 creatures vanquished

Notes
Turn   | Place    | Note
-------+----------+-------------------------------------------
     0 | D:1      | vatarom the Formicid Fighter began the quest for the Orb.
     0 | D:1      | Reached XP level 1. HP: 18/18 MP: 1/1
     0 | D:1      | Noticed a human
     3 | D:1      | Noticed a minotaur zombie
     3 | D:1      | Noticed a merfolk zombie
    13 | D:1      | Noticed an octopode
    15 | D:1      | Noticed a draconian
    17 | D:1      | Noticed a centaur
   134 | D:1      | Reached XP level 2. HP: 9/24 MP: 2/2
   718 | D:1      | Reached XP level 3. HP: 29/29 MP: 3/3
   990 | D:2      | Reached skill level 5 in Armour
   990 | D:2      | Reached XP level 4. HP: 32/35 MP: 4/4
  1641 | D:3      | Found a white marble altar of Elyvilon.
  1641 | D:3      | Found a hide-covered altar of Uskayaw.
  1685 | D:3      | Found a faded altar of an unknown god.
  1747 | D:3      | Reached XP level 5. HP: 30/41 MP: 5/5
  1970 | D:3      | Found a burning altar of Makhleb.
  2180 | D:4      | Reached XP level 6. HP: 38/47 MP: 6/6
  2211 | D:4      | Reached skill level 5 in Shields
  2395 | D:4      | Found an iron altar of Okawaru.
  2546 | D:4      | Noticed a phantom
  2556 | D:4      | Noticed Paps's ghost (amateur GrAs)
  2571 | D:4      | Killed Paps's ghost
  2571 | D:4      | Reached XP level 7. HP: 49/52 MP: 7/7
  3136 | D:5      | Entered Level 5 of the Dungeon
  3190 | D:5      | Reached XP level 8. HP: 33/58 MP: 8/8
  3603 | D:5      | Found Igim's Antique Weapon Emporium.
  3654 | D:5      | Found a staircase to the Ecumenical Temple.
  3661 | Temple   | Entered the Ecumenical Temple
  3903 | D:6      | Found a snail-covered altar of Cheibriados.
  4236 | D:6      | Found a glowing golden altar of the Shining One.
  4347 | D:6      | Noticed Pikel
  4395 | D:6      | Killed Pikel
  4395 | D:6      | Reached XP level 9. HP: 29/72 MP: 9/9
  4879 | D:6      | Found a sacrificial altar of Ru.
  4921 | D:7      | Noticed a hippogriff
  4935 | D:6      | Killed a hippogriff
  5461 | D:7      | Noticed Shufflesack's ghost (novice DECj)
  6604 | D:7      | Found a glowing silver altar of Zin.
  6608 | D:7      | Noticed an angel
  6615 | D:7      | Found a shimmering altar of Xom.
  6618 | D:7      | Became a worshipper of Zin the Law-Giver
  6618 | D:7      | Reached * piety under Zin
  6619 | D:7      | Donated 179 gold pieces to Zin
  6622 | D:7      | Reached ** piety under Zin
  6668 | D:7      | Noticed a hippogriff
  6687 | D:7      | Killed a hippogriff
  6687 | D:7      | Reached XP level 10. HP: 48/83 MP: 10/10
  6712 | D:7      | You fall through a shaft for 3 floors!
  6712 | D:10     | Entered Level 10 of the Dungeon
  7093 | D:10     | Zin protects you from harm!
  7763 | D:10     | Reached skill level 5 in Staves
  8365 | D:10     | Noticed a hill giant
  8399 | D:10     | Killed a hill giant
  8763 | D:8      | Noticed a brown ugly thing
  8766 | D:8      | Noticed a hill giant
  8778 | D:8      | HP: 3/83 [acid (7)]
  8779 | D:8      | You fall through a shaft for 3 floors!
  9710 | D:10     | Reached XP level 11. HP: 63/89 MP: 13/13
 10095 | D:8      | Donated 129 gold pieces to Zin
 10181 | D:8      | Found a staircase to the Lair.
 10199 | D:8      | Splashed by a brown ugly thing's acid

Skill      XL: |  1  2  3  4  5  6  7  8  9 10 11 |
---------------+----------------------------------+-----
Armour         | 4 5 7 9 |  9.4
Staves         | 3 4 7 8 |  8.0
Shields        | 4 6 8 9 |  9.4
Fighting       | 7 9 |  9.1
Invocations    | 3 4 |  4.1

Action                   |  1- 3 |  4- 6 |  7- 9 | 10-12 || total
-------------------------+-------+-------+-------+-------++-------
Melee: Quarterstaff      |    93 |   172 |   385 |   337 ||   987
Invok: Donate Gold       |       |       |     1 |     2 ||     3
       Recite            |       |       |       |     3 ||     3
       Vitalisation      |       |       |       |     2 ||     2
 Abil: Dig               |     1 |       |     1 |     2 ||     4
       Shaft Self        |       |       |       |     2 ||     2
Evoke: Wand              |       |     1 |       |       ||     1
  Use: Scroll            |     6 |     4 |     7 |       ||    17
       Potion            |     1 |     6 |     4 |       ||    11
 Stab: Invisible         |       |       |     4 |       ||     4
  Eat: Chunk             |       |     6 |     5 |     4 ||    15
       Royal jelly       |       |       |     2 |       ||     2
       Bread ration      |       |       |     1 |     2 ||     3
       Pizza             |       |       |       |     2 ||     2
Armor: Scale mail        |    30 |    46 |    96 |    16 ||   188
       Plate armour      |       |       |     7 |    78 ||    85
Dodge: Dodged            |    14 |    35 |   120 |    64 ||   233
Block: Shield            |    55 |   122 |   318 |   231 ||   726
       Reflection        |     1 |     1 |     5 |     8 ||    15
